 Dungeon Crawl Stone Soup version 0.27-a0-40-g5f2be0e231 (webtiles) character file.

Game seed: 6685383082230728330

11071 wakim the Blocker (level 11, -5/109 HPs)
             Began as a Troll Fighter on Jan 5, 2021.
             Was a Priest of Okawaru.
             Slain by an iguana (10 damage)
             ... on level 11 of the Dungeon.
             The game lasted 00:38:42 (9096 turns).

wakim the Blocker (Troll Fighter)                   Turns: 9096, Time: 00:38:42

Health: -5/109     AC: 12    Str: 29    XL:     11   Next: 44%
Magic:  0/10       EV: 10    Int:  4    God:    Okawaru [***...]
Gold:   472        SH: 13    Dex:  9    Spells: 10/10 levels left

rFire    . . .     SeeInvis .     - Unarmed
rCold    + . .     Faith    .   u - +1 kite shield
rNeg     . . .     Spirit   +   p - +2 robe {rC+}
rPois    .         Reflect  .   (helmet restricted)
rElec    .         Harm     .   (no cloak)
rCorr    .         Rampage  .   (gloves unavailable)
Will     .....                  (boots unavailable)
Stlth    +.........             n - amulet of guardian spirit
HPRegen  0.68/turn              r - ring of flight
MPRegen  0.12/turn              H - +4 ring of protection

@: no status effects
A: large, unfitting armour, claws 3, regeneration 1, shaggy fur 1, tough skin 3
a: Renounce Religion, Evoke Flight, Heroism


You were on level 11 of the Dungeon.
You worshipped Okawaru.
Okawaru was most pleased with you.
You visited 2 branches of the dungeon, and saw 12 of its levels.
You also visited: Ossuary.

You collected 904 gold pieces.
You spent 432 gold pieces at shops.

Inventory:

Hand Weapons
 j - the +6 falchion of Yfaphos {speed, *Drain rPois Dex+4}
   (You found it on level 7 of the Dungeon)

   Attacks with this weapon are significantly faster.
   It affects your dexterity (+4).
   It protects you from poison.
   It causes draining when unequipped.
Missiles
 g - 21 poisoned darts
 z - 5 large rocks (quivered)
Armour
 p - a +2 robe of cold resistance (worn)
 u - a +1 kite shield (worn)
Jewellery
 d - an uncursed ring of fire
 n - an amulet of guardian spirit (around neck)
 r - a ring of flight (left claw)
 H - a +4 ring of protection (right claw)
Wands
 v - a wand of acid (22)
 x - a wand of disintegration (24)
 y - a wand of iceblast (17)
 B - a wand of enslavement (5)
 C - a wand of polymorph (9)
 D - a wand of flame (21)
Scrolls
 e - 3 scrolls of immolation
 f - 3 scrolls of fear
 h - 9 scrolls of identify
 i - 6 scrolls of enchant weapon
 l - 2 scrolls of amnesia
 A - a scroll of remove curse
Potions
 a - 2 potions of flight
 b - 2 potions of heal wounds
 c - a potion of might
 k - 2 potions of magic
 m - 2 potions of berserk rage {unknown}
 o - a potion of ambrosia
 q - 4 potions of brilliance
 s - 2 potions of mutation
 t - 3 potions of curing
 w - a potion of cancellation {unknown}


   Skills:
 + Level 7.3 Fighting
 + Level 5.5 Throwing
 - Level 2.4 Dodging
 * Level 10.1 Shields
 - Level 10.0 Unarmed Combat


You had 10 spell levels left.
You didn't know any spells.
Your spell library contained the following spells:

 Spells                   Type           Power        Failure   Level
 Animate Skeleton         Necr           0%           50%         1
 Apportation              Tloc           0%           50%         1
 Corona                   Hex            0%           50%         1
 Foxfire                  Conj/Fire      0%           50%         1
 Magic Dart               Conj           0%           50%         1
 Summon Small Mammal      Summ           0%           50%         1
 Call Imp                 Summ           0%           65%         2
 Ensorcelled Hibernation  Hex/Ice        0%           65%         2
 Call Canine Familiar     Summ           0%           86%         3
 Confusing Touch          Hex            0%           86%         3
 Dazzling Flash           Conj/Hex       0%           86%         3
 Summon Guardian Golem    Hex/Summ       0%           86%         3
 Tukima's Dance           Hex            0%           86%         3
 Summon Ice Beast         Ice/Summ       0%           99%         4
 Summon Lightning Spire   Summ/Air       0%           99%         4
 Iron Shot                Conj/Erth      0%           100%        6


Dungeon Overview and Level Annotations

Branches:
Dungeon (11/15)            Temple (1/1) D:6         Ossuary (visited)
   Lair: D:8-11         Orc: D:9-12

Altars:
Ashenzari
Cheibriados
Dithmenos
Elyvilon
Fedhas
Gozag
Hepliaklqana
Kikubaaqudgha
Makhleb
Nemelex Xobeh
Okawaru
Qazlal
Ru
Sif Muna
Trog
Uskayaw
Vehumet
Wu Jian
Xom
Yredelemnul
Zin
The Shining One
Beogh
Lugonu

Shops:
D:6 :!   D:7 (   D:10 *

Annotations:
D:7 1 runed translucent door, Crazy Yiuf


Innate Abilities, Weirdness & Mutations

You are too large for most types of armour.
You have claws for hands.
Your natural rate of healing is unusually fast.
You are covered in fur. (AC +1)
You have extremely tough skin. (AC +3)


Message History

The orc priest calls down the wrath of Beogh upon you.
Pain shoots through your body!
* * * LOW HITPOINT WARNING * * *
The purple ugly thing basks in the mutagenic energy from its kin and changes!
A cyclops comes into view.
The cyclops throws a large rock.
You block the large rock.
You see here a large rock.
The cyclops shouts!
You hear a shout! x2
The cyclops throws a large rock.
You block the large rock.
The cyclops throws a large rock.
You block the large rock.
A wyvern zombie comes into view.
You see here 2 large rocks.
An iguana comes into view.
The cyclops throws a large rock.
You block the large rock.
You see here a large rock.
The iguana hisses angrily.
A worker ant comes into view.
An orc warrior comes into view. It is wielding a +0 short sword.
The iguana bites you!
You die...

.###... ...... ..ZC
#..# # ####..#### .#
#..#!.#..# ..#
#........# ....
#@(uoCu###.....
#..B..l###.......##
#........#..(......#
#..#..#.!#..#.[.#..#
## #..#######._.####
. #.. ..#.).#..# .#.
.. ......(..# ...
o.. #..l...)###...
...###......##


You could see 2 ugly things, 2 cyclopes, an orc warrior (wandering), an iguana,
a worker ant (wandering), an orc priest and a wyvern zombie.

Vanquished Creatures
  A two-headed ogre (D:11)
  An ugly thing (D:11)
  A cyclops (D:7)
  Joseph (D:9)
  6 gargoyles (D:10)
  Grinder (D:3)
  A redback (D:11)
  2 wyverns
  A wraith (D:10)
  Menkaure (D:6)
  6 orc warriors
  4 sky beasts
  3 ice beasts
  2 phantoms (D:6)
  2 black bears
  7 ogres
  2 centaurs
  An elf zombie (Ossuary)
  A big kobold (D:7)
  9 bullfrogs
  2 scorpions
  17 wights
  6 killer bees (D:8)
  5 howler monkeys
  A centaur zombie (D:10)
  3 bullfrog zombies
  2 gnoll shamans (D:5)
  A bullfrog skeleton (D:5)
  A hound (D:11)
  4 centaur skeletons
  A human zombie (Ossuary)
  9 orc priests
  4 jellies
  Jessica (D:2)
  3 iguanas
  Natasha (D:2)
  9 orc wizards
  7 worker ants
  2 big kobold zombies (Ossuary)
  3 hound skeletons
  2 mummies (Ossuary)
  2 worker ant zombies
  16 gnolls
  A howler monkey skeleton (D:6)
  8 adders
  5 shadow imps
  3 white imps
  2 ufetubi
  3 oozes
  An adder zombie (Ossuary)
  An adder skeleton (D:5)
  4 worms (D:2)
  A dart slug (D:1)
  8 leopard geckos
  70 orcs
  A ball python (D:2)
  7 giant cockroaches
  4 goblins
  4 hobgoblins
  8 jackals
  7 kobolds
  3 quokkas
  2 bats
  4 frilled lizards
  A goblin zombie (Ossuary)
  8 hobgoblin zombies (Ossuary)
  2 jackal zombies (Ossuary)
  9 kobold zombies (Ossuary)
  A leopard gecko zombie (D:6)
  10 orc zombies (Ossuary)
  2 quokka skeletons
  7 rats
  2 rat zombies (Ossuary)
344 creatures vanquished.

Notes
Turn   | Place    | Note
-------+----------+-------------------------------------------
     0 | D:1      | wakim the Troll Fighter began the quest for the Orb.
     0 | D:1      | Reached XP level 1. HP: 22/22 MP: 0/0
   155 | D:1      | Reached XP level 2. HP: 29/29 MP: 1/1
   853 | D:2      | Found an ornate altar of the Wu Jian Council.
   916 | D:2      | Reached XP level 3. HP: 36/36 MP: 2/2
   951 | D:2      | Noticed a +0 hand axe
   952 | D:2      | Noticed a +0 hand axe
   954 | D:2      | Found a hide-covered altar of Uskayaw.
  1125 | D:2      | Noticed Jessica
  1136 | D:2      | Killed Jessica
  1137 | D:2      | Reached XP level 4. HP: 44/44 MP: 3/3
  1521 | D:2      | Found a sparkling altar of Nemelex Xobeh.
  1521 | D:2      | Found an opulent altar of Gozag.
  1535 | D:2      | Reached skill level 5 in Unarmed Combat
  1731 | D:3      | Noticed Grinder
  1791 | D:3      | Noticed Natasha
  1827 | D:2      | Killed Natasha
  1828 | D:2      | Reached XP level 5. HP: 31/50 MP: 2/4
  2124 | D:3      | Reached XP level 6. HP: 59/59 MP: 5/5
  2161 | D:3      | Killed Grinder
  2237 | D:3      | Found a bloodstained altar of Trog.
  2361 | D:4      | Found a white marble altar of Elyvilon.
  2372 | D:4      | Reached XP level 7. HP: 66/66 MP: 6/6
  2852 | D:4      | Found a sacrificial altar of Ru.
  3014 | D:5      | Entered Level 5 of the Dungeon
  3648 | D:5      | Reached XP level 8. HP: 69/75 MP: 7/7
  3920 | D:6      | Found Cinohouf's Distillery.
  3990 | D:6      | Found a stormy altar of Qazlal.
  4050 | D:6      | Found an ancient bone altar of Kikubaaqudgha.
  4050 | D:6      | Noticed Menkaure
  4070 | D:6      | Found a basalt altar of Yredelemnul.
  4113 | D:6      | Found a transporter.
  4124 | D:6      | Found a transporter.
  4137 | D:6      | Found a staircase to the Ecumenical Temple.
  4352 | D:6      | Reached skill level 5 in Shields
  4535 | D:6      | Found Estiama's Book Shoppe.
  4825 | D:7      | Got a jewelled falchion
  4826 | D:7      | Identified the +6 falchion of Yfaphos {speed, *Drain rPois
                  | Dex+4} (You found it on level 7 of the Dungeon)
  4867 | D:7      | Found Loohu's Antique Weapon Shoppe.
  4890 | D:7      | Reached XP level 9. HP: 69/71 MP: 8/8
  5127 | D:7      | Found a sand-covered staircase.
  5137 | Ossuary  | Entered an ossuary
  5455 | D:7      | Found Loohu's Antique Weapon Shoppe.
  5742 | D:7      | Found a runed translucent door.
  5743 | D:7      | Noticed Crazy Yiuf
  5938 | D:7      | Noticed a cyclops
  5949 | D:7      | Killed a cyclops
  5950 | D:7      | Reached skill level 5 in Fighting
  5950 | D:7      | Reached skill level 10 in Unarmed Combat
  6263 | D:8      | Reached skill level 1 in Throwing
  6449 | D:8      | Reached XP level 10. HP: 89/96 MP: 7/9
  6542 | D:8      | Found a shadowy altar of Dithmenos.
  6840 | D:9      | Found a blossoming altar of Fedhas.
  6843 | D:9      | Found a hazy altar of Hepliaklqana.
  6846 | D:9      | Found a radiant altar of Vehumet.
  6862 | D:9      | Found a glowing golden altar of the Shining One.
  6942 | D:9      | Noticed Joseph
  7149 | D:9      | Found a snail-covered altar of Cheibriados.
  7177 | D:9      | Killed Joseph
  7466 | D:9      | Found a shimmering blue altar of Sif Muna.
  7599 | D:9      | Found a shadowy altar of Dithmenos.
  7763 | D:9      | Found a roughly hewn altar of Beogh.
  7906 | Temple   | Entered the Ecumenical Temple
  7954 | Temple   | Became a worshipper of Warmaster Okawaru
  7988 | D:6      | Killed Menkaure
  8013 | D:6      | Identified the Papyrus of Attacks
  8110 | D:10     | Entered Level 10 of the Dungeon
  8227 | D:10     | Reached * piety under Okawaru
  8457 | D:10     | Found Qobiem's General Store.
  8465 | D:10     | Bought a +4 ring of protection for 432 gold pieces
  8573 | D:10     | Noticed a gargoyle
  8581 | D:10     | Noticed a gargoyle
  8584 | D:10     | Noticed a gargoyle
  8585 | D:10     | Killed a gargoyle
  8588 | D:10     | Killed a gargoyle
  8589 | D:10     | Noticed a gargoyle
  8594 | D:10     | Killed a gargoyle
  8594 | D:10     | Reached ** piety under Okawaru
  8595 | D:10     | Reached XP level 11. HP: 78/107 MP: 6/10
  8877 | D:11     | Noticed a purple ugly thing
  8889 | D:11     | Killed a purple ugly thing
  8908 | D:11     | Reached skill level 5 in Throwing
  9048 | D:11     | Found a sacrificial altar of Ru.
  9057 | D:11     | Reached *** piety under Okawaru
  9067 | D:11     | Noticed a two-headed ogre
  9074 | D:11     | Reached skill level 10 in Shields
  9080 | D:11     | Noticed a tengu warrior
  9087 | D:11     | Killed a two-headed ogre
  9090 | D:11     | Noticed a purple ugly thing
  9090 | D:11     | Noticed a cyan ugly thing
  9092 | D:11     | HP: 2/109 [orc priest/nerve-wracking pain (10)]
  9096 | D:11     | Slain by an iguana

Illustrated notes

Levels and vault maps discovered:
D:1:      dpeg_arrival_rooms_with_view, layout_basic
D:2:      layout_basic, grunt_temple_overflow_opulence,
          nicolae_overflow_hidden_temple, dancing_weapons_uskayaw, uniq_jessica
D:3:      layout_rooms, lightli_temple_of_fire, uniq_natasha, uniq_grinder
D:4:      layout_loops_ring, kennysheep_mini_moat, lemuel_round_altar
D:5:      layout_gridville
D:6:      layout_cave_pods, gammafunk_temple_of_torment, lemuel_doored_altar,
          temple_statues, serial_shops, shop, kennysheep_mini,
          serial_column_ruins, column_ruins_open_tiny, column_ruins_grid_3,
          column_ruins_columns_dead_end, column_ruins_open_tiny
D:7:      minmay_general_purpose_star, layout_gridville, serial_shops,
          nicolae_shop_behind_doors, chequers_ossuary_entry_cave,
          uniq_crazy_yiuf_cottage
D:8:      layout_rooms, basic_altar, minmay_crystal_water
D:9:      layout_rooms, tgw_sif, grunt_temple_overflow_cloverleaf,
          cheibriados_altar_1, special_room [special_room_orc],
          minmay_statues_item, grunt_dithmenos_smoke_and_mirrors, uniq_joseph
D:10:     cheibrodos_statue_roulette, layout_cave_pools, serial_shops, shop
D:11:     hangedman_cross_cluster, layout_small_grid
Temple:   corrupted_temple

Skill      XL: |  1  2  3  4  5  6  7  8  9 10 11 |
---------------+----------------------------------+-----
Unarmed Combat | 3 4 5 6 7 8 9 10 | 10.0
Shields        | 3 5 7 9 10 | 10.1
Fighting       | 3 4 5 6 7 |  7.3
Throwing       | 1 4 5 |  5.5
Dodging        | |  2.4

Action                   |  1- 3 |  4- 6 |  7- 9 | 10-12 || total
-------------------------+-------+-------+-------+-------++-------
Melee: Unarmed           |    84 |   112 |   431 |   390 ||  1017
Invok: Heroism           |       |       |       |     1 ||     1
  Use: Scroll            |       |       |    16 |     5 ||    21
       Potion            |       |       |     4 |     2 ||     6
Armor: Robe              |    19 |    42 |    78 |    73 ||   212
Dodge: Dodged            |    15 |    47 |   106 |   113 ||   281
Block: Kite shield       |    35 |    39 |   184 |   232 ||   490

Table legend: (Time is in decaauts)
 A = Elapsed time spent in this place.
 B = Non-inter-level travel time spent in this place.
 C = Inter-level travel time spent in this place.
 D = Time resting spent in this place.
 E = Time spent auto-exploring this place.
 F = Levels seen in this place.
 G = Mean time per level.
                   A        B        C        D        E       F      G
               +--------+--------+--------+--------+--------+-----+--------+
         Total |   8980 |   8553 |    427 |      0 |   6338 |  13 |  690.8 |
       Dungeon |   8700 |   8294 |    406 |      0 |   6208 |  11 |  790.9 |
        Temple |     63 |     43 |     20 |      0 |     30 |   1 |   63.0 |
       Ossuary |    216 |    216 |      0 |      0 |    100 |   1 |  216.0 |
               +--------+--------+--------+--------+--------+-----+--------+

Top non-repeatable levels by time:
     D:7: 1291 daAuts
     D:2: 1081 daAuts
     D:6: 970 daAuts
     D:9: 886 daAuts
     D:5: 864 daAuts
     D:1: 755 daAuts
    D:10: 747 daAuts
     D:8: 717 daAuts
     D:4: 681 daAuts
     D:3: 495 daAuts
 Ossuary: 216 daAuts
    D:11: 209 daAuts
  Temple: 63 daAuts
